 Dungeon Crawl Stone Soup version 0.20-a0-453-g91466d2 (webtiles) character file.

97 Kriby the Magician (level 4, -2/30 HPs)
             Began as a Mummy Fire Elementalist on Jan 8, 2017.
             Was an Initiate of Sif Muna.
             Killed from afar by an orc wizard (6 damage)
             ... with a magic dart
             ... on level 2 of the Dungeon.
             The game lasted 00:02:53 (2326 turns).

Kriby the Magician (Mummy Fire Elementalist)        Turns: 2326, Time: 00:02:54

Health: -2/30      AC:  5    Str: 11    XL:     4   Next: 42%
Magic:  0/10       EV: 12    Int: 15    God:    Sif Muna [......]
Gold:   92         SH:  0    Dex: 12    Spells: 1/11 levels left

rFire  x . .     SeeInvis .     c - +0 short sword
rCold  + . .     Gourm    .     a - +0 robe
rNeg   + + +     Faith    .     (no shield)
rPois  ∞         Spirit   .     (no helmet)
rElec  .         Reflect  .     (no cloak)
rCorr  .         Harm     .     (no gloves)
MR     .....                    j - +2 pair of boots {run}
Stlth  ++........               (no amulet)
                                (no ring)
                                (no ring)

@: very slightly contaminated, quick
A: no food or potions, fire vulnerability, cold resistance 1, negative energy
resistance 3, torment resistance, unbreathing
a: Renounce Religion


You were on level 2 of the Dungeon.
You worshipped Sif Muna.
Sif Muna was noncommittal.
You were not hungry.

You visited 1 branch of the dungeon, and saw 3 of its levels.

You collected 92 gold pieces.

Inventory:

Hand Weapons
 c - a +0 short sword (weapon)
Armour
 a - a +0 robe (worn)
 j - a +2 pair of boots of running (worn)
Jewellery
 k - an uncursed amulet of harm {unknown}
Wands
 h - a wand of lightning (5/15)
Scrolls
 d - a scroll of noise {unknown}
 e - 4 scrolls of identify {unknown}
 f - a scroll of blinking {unknown}
 g - 2 scrolls of remove curse {unknown}
 i - a scroll of enchant armour {unknown}
 l - a scroll of immolation {unknown}
Books
 b - a book of Flames

   Spells                             Type                      Level
   a - Flame Tongue                   Conjuration/Fire             1
   b - Throw Flame                    Conjuration/Fire             2
   c - Conjure Flame                  Conjuration/Fire             3
   d - Inner Flame                    Hexes/Fire                   3
   e - Sticky Flame                   Conjuration/Fire             4
   f - Fireball                       Conjuration/Fire             5


   Skills:
 - Level 1.5 Dodging
 - Level 1.5 Stealth
 + Level 4.2 Spellcasting
 * Level 2.0 Conjurations
 + Level 3.1 Fire Magic


You had one spell level left.
You knew the following spells:

 Your Spells              Type           Power        Failure   Level  Hunger
a - Flame Tongue          Conj/Fire      ##...        8%          1    N/A
b - Conjure Flame         Conj/Fire      ##......     21%         3    N/A
c - Sticky Flame          Conj/Fire      ##......     67%         4    N/A
d - Throw Flame           Conj/Fire      ##....       12%         2    N/A

Dungeon Overview and Level Annotations

Branches:
Dungeon (3/15)

Altars:
Elyvilon
Okawaru
Ru
Sif Muna
Zin


Innate Abilities, Weirdness & Mutations

You do not eat or drink.
Your flesh is vulnerable to fire.
You are immune to poison.
Your flesh is cold resistant. (rC+)
You are immune to negative energy. (rN+++)
You are immune to unholy pain and torment.
You can survive without breathing.


Message History

Casting: Flame Tongue
Confirm with . or Enter, or press ? or * to list all spells.
Aiming: Flame Tongue
Press: ? - help, Shift-Dir - straight line, f/p - orc wizard
Aim: an orc wizard, wielding a dagger and wearing a robe (heavily wounded, fast)
You miscast Flame Tongue.
The air around you crackles with energy!
The orc wizard closely misses you.
The orc wizard gestures wildly while chanting.
The orc wizard blinks!
The orc wizard hits you but does no damage.
You hit the orc wizard.
The orc wizard is heavily wounded.
The orc wizard misses you.
You hit the orc wizard.
The orc wizard is severely wounded.
The orc wizard gestures wildly while chanting.
The orc wizard gestures at you while chanting.
The magic dart hits you!
You die...

###### ##### #####....#
#...##########........######
#..........@................
#....!....o###...........)(#
#........÷..##.....÷#......#
#...>.......................
#...........##......#.....##
#..........#####.....#######
#..........................#
#................(........##
#........................##.


You could see an orc wizard.

Vanquished Creatures
  3 adders
  A worm (D:2)
  2 dart slugs
  2 leopard geckos
  An orc (D:3)
  6 bats
  2 giant cockroaches
  7 goblins
  8 hobgoblins
  5 jackals
  8 kobolds
  A quokka (D:2)
  2 frilled lizards (D:1)
  7 rats
55 creatures vanquished.

Notes
Turn   | Place    | Note
-------+----------+-------------------------------------------
     0 | D:1      | Kriby the Mummy Fire Elementalist began the quest for the Orb.
     0 | D:1      | Reached XP level 1. HP: 13/13 MP: 4/4
     8 | D:1      | You fall through a shaft!
    14 | D:2      | Reached skill level 3 in Spellcasting
    14 | D:2      | Reached skill level 1 in Conjurations
    14 | D:2      | Reached XP level 2. HP: 18/19 MP: 1/6
   684 | D:1      | Reached XP level 3. HP: 24/24 MP: 6/8
  1201 | D:2      | Found a deep blue altar of Sif Muna.
  1209 | D:2      | Became a worshipper of Sif Muna the Loreminder
  1259 | D:2      | Found a faded altar of an unknown god.
  1259 | D:2      | Found a faded altar of an unknown god.
  1264 | D:2      | Found a white marble altar of Elyvilon.
  1266 | D:2      | Found a sacrificial altar of Ru.
  1268 | D:2      | Found a glowing silver altar of Zin.
  1366 | D:2      | Found an iron altar of Okawaru.
  1689 | D:1      | Reached skill level 4 in Spellcasting
  1691 | D:1      | Reached XP level 4. HP: 21/30 MP: 6/10
  1799 | D:2      | Identified a +2 pair of boots of running (You found it on level 2 of the Dungeon)
  2065 | D:2      | Learned a level 3 spell: Conjure Flame
  2070 | D:2      | Learned a level 4 spell: Sticky Flame
  2073 | D:2      | Learned a level 2 spell: Throw Flame
  2326 | D:2      | Killed from afar by an orc wizard

Vault maps used:
D:1:      onia_arrival_pentagram, serial_forest, infiniplex_forest_clump_tiny,
          infiniplex_forest_clump_double, infiniplex_forest_lined_3,
          infiniplex_forest_lined_room_3
D:2:      old_standard_altar, chequers_temple_overflow_minitemple,
          lemuel_doored_altar
D:3:      lemuel_crystal_altar, cheibrodos_ashenzari_chains

Skill      XL: |  1  2  3  4 |
---------------+-------------+-----
Spellcasting   | 3 4 |  4.2
Conjurations   | 1 2 |  2.0
Fire Magic     | 3 |  3.1
Dodging        | |  1.5
Stealth        | |  1.5

Action                   |  1- 3 |  4- 6 || total
-------------------------+-------+-------++-------
Melee: Unarmed           |    10 |       ||    10
       Short sword       |     9 |    12 ||    21
 Cast: Flame Tongue      |    57 |    32 ||    89
Armor: Robe              |    10 |    15 ||    25
Dodge: Dodged            |    41 |    24 ||    65
